Map: Lost and Found LE

Players

Clem

  • Race: Terran Terran
  • Spawn Location: 1:00

Majestic - Winner!

  • Race: Protoss Protoss
  • Spawn Location: 7:00

Event: WCS Valencia 2018

VOD

Have the link to the VOD?

Description

Time

  • Played on: July 12, 2018, 7:47 a.m.
  • Length: 13:13

All games in this series

Show
View Real Time Build Order
Export as new Build Order

Clem Terran 

Build Orders: Gas First Reaper Expand, Reaper Expand, MMM Bio 

Get SALT Encoding   

  12  0:01  SCV  
  13  0:13  SCV  
  14  0:17  Supply Depot  
  14  0:25  SCV  
  15  0:29  Refinery  
  15  0:38  SCV  
  16  0:44  Barracks  
  16  0:50  SCV  
  17  1:02  SCV  
  18  1:14  SCV  
  19  1:31  Reaper, Orbital Command  
  20  1:41  Command Center  
  20  1:54  Factory  
  20  1:58  SCV  
  21  2:06  Barracks Reactor  
  21  2:08  Supply Depot  
  21  2:11  SCV  
  22  2:18  Refinery  
  22  2:23  SCV  
  23  2:35  SCV  
  24  2:46  Hellion x2  
  24  2:47  SCV  
  28  2:55  Orbital Command  
  28  2:59  SCV  
  29  3:06  Barracks Tech Lab  
  29  3:09  Cyclone  
  29  3:11  Cyclone, SCV  
  36  3:19  Supply Depot  
  36  3:21  SCV  
  36  3:24  SCV  
  38  3:33  SCV  
  39  3:36  SCV  
  39  3:41  Cyclone  
  43  3:45  SCV  
  43  3:48  SCV  
  42  3:57  SCV  
  42  4:00  SCV  
  42  4:02  Cyclone, Command Center  
  47  4:09  Supply Depot, SCV  
  46  4:12  SCV  
  46  4:15  Cyclone  
  50  4:21  SCV  
  51  4:24  SCV  
  51  4:25  Engineering Bay  
  52  4:33  SCV  
  52  4:34  Barracks Tech Lab  
  52  4:35  Barracks x2  
  56  4:40  SCV  
  56  4:43  Supply Depot  
  57  4:45  SCV  
  57  4:50  Refinery  
  57  4:52  Refinery  
  55  4:53  Stimpack, Marine  
  55  4:59  Starport  
  56  5:01  Bunker  
  56  5:03  Factory Reactor  
  56  5:04  SCV  
  56  5:05  SCV  
  58  5:09  Engineering Bay  
  58  5:11  Marine  
  58  5:12  Terran Infantry Weapons Level 1  
  59  5:16  SCV  
  59  5:19  SCV  
  59  5:21  SCV  
  56  5:25  Combat Shields  
  56  5:28  Orbital Command  
  53  5:31  Marauder  
  53  5:33  SCV  
  53  5:35  Marine  
  54  5:39  Marine, Marauder  
  54  5:43  SCV  
  54  5:47  Factory Reactor  
  55  5:52  Marine  
  55  5:53  Terran Infantry Armor Level 1  
  55  5:54  Marauder  
  55  5:57  SCV, Marine  
  58  5:58  SCV  
  58  6:02  SCV  
  58  6:04  Marauder  
  62  6:09  SCV, Medivac  
  62  6:10  Marine  
  62  6:14  Marine  
  62  6:16  Marauder  
  61  6:22  SCV x2  
  61  6:25  SCV, Marauder  
  55  6:34  SCV  
  55  6:37  Marine, Marauder  
  55  6:38  Marine  
  60  6:44  Barracks  
  60  6:46  Barracks  
  60  6:47  Widow Mine x2  
  60  6:48  SCV  
  60  6:50  SCV  
  64  6:57  SCV, Marauder  
  64  7:00  SCV  
  62  7:02  SCV  
  62  7:03  Marine x2  
  62  7:05  Marauder  
  65  7:09  Widow Mine x2  
  67  7:18  Orbital Command  
  67  7:20  Marauder  
  67  7:21  Marine x2  
  67  7:22  SCV  
  67  7:26  Marauder  
  67  7:37  SCV x2  
  67  7:39  Marine  
  67  7:42  Marauder  
  69  7:45  Widow Mine x2  
  69  7:46  SCV  
  69  7:48  Marine  
  69  7:49  SCV, Marine  
  75  7:51  Medivac  
  75  7:55  SCV  
  78  7:58  SCV  
  78  8:01  SCV  
  80  8:06  Widow Mine  
  80  8:07  SCV  
  80  8:11  Barracks Tech Lab, Marine  
  80  8:12  Barracks Reactor  
  85  8:14  Supply Depot  
  85  8:15  Marine, Orbital Command  
  85  8:16  Medivac  
  85  8:17  Supply Depot, SCV  
  87  8:20  SCV  
  87  8:21  Widow Mine  
  87  8:22  Marauder  
  91  8:29  Supply Depot, SCV  
  91  8:32  SCV  
  93  8:36  Marine x2  
  93  8:37  Widow Mine, Marauder  
  93  8:41  SCV, Medivac  
  100  8:42  Concussive Shells  
  100  8:46  Supply Depot, SCV  
  103  8:48  SCV  
  103  8:51  Marine x2  
  103  8:55  Medivac  
  106  9:00  Supply Depot, SCV  
  106  9:02  SCV  
  108  9:08  Marine  
  109  9:12  Marauder x2  
  113  9:18  SCV, Marauder  
  113  9:24  Supply Depot, SCV  
  114  9:26  Marine x2  
  114  9:30  Marine x2  
  118  9:34  Medivac  
  118  9:36  Widow Mine  
  120  9:40  Medivac  
  120  9:45  SCV  
  122  9:46  Armory, SCV  
  122  9:49  SCV  
  122  9:52  Widow Mine  
  116  9:55  Marauder  
  116  9:56  Marauder  
  116  9:57  SCV  
  116  9:58  Liberator, Widow Mine  
  119  10:00  Liberator  
  119  10:01  Marine x2  
  119  10:02  Marine  
  119  10:03  Marine  
  119  10:06  SCV  
  120  10:13  Marauder  
  120  10:14  Widow Mine  
  116  10:20  Widow Mine, SCV x2  
  124  10:22  SCV  
  124  10:28  Supply Depot, Marine x2  
  127  10:32  SCV  
  127  10:33  SCV  
  127  10:35  SCV  
  130  10:37  Supply Depot  
  130  10:39  Refinery  
  130  10:40  Refinery  
  130  10:41  Liberator, Starport  
  130  10:44  Liberator  
  130  10:45  SCV  
  130  10:46  Marauder x3  
  130  10:47  Widow Mine  
  138  10:56  Widow Mine  
  137  10:57  SCV x2  
  143  11:07  Marine x2, Marauder x2  
  143  11:08  Widow Mine  
  143  11:10  SCV  
  143  11:11  Marine x2, Marauder  
  156  11:21  Supply Depot  
  156  11:22  Supply Depot  
  156  11:24  Liberator  
  156  11:25  Starport Tech Lab  
  156  11:26  Fusion Core  
  156  11:35  Widow Mine  
  156  11:36  SCV x2  
  156  11:37  Marauder  
  157  11:40  Command Center  
  157  11:43  Marauder  
  147  11:47  Marine x2, Marauder  
  147  11:49  Marine  
  147  11:53  Widow Mine  
  122  12:09  Widow Mine, Marine x2  
  122  12:10  Marine  
  122  12:14  Widow Mine, Marine, Marauder  
  106  12:23  Marine  
  106  12:24  Marauder  
  96  12:31  Widow Mine  
  96  12:36  Marine  
  99  12:41  Marine  
  88  12:47  Marine  
Show
View Real Time Build Order
Export as new Build Order

Majestic Protoss - Winner!

Build Orders: 1 Gate Expand, Blink Stalkers 

Get SALT Encoding   

  12  0:00  Probe  
  13  0:13  Probe  
  14  0:18  Pylon  
  14  0:23  Probe  
  15  0:32  Probe  
  15  0:37  Gateway  
  15  0:40  Probe  
  16  0:47  Assimilator  
  17  0:51  Probe  
  18  0:59  Probe  
  19  1:07  Probe  
  20  1:25  Nexus  
  20  1:32  Cybernetics Core  
  20  1:35  Probe  
  21  1:40  Assimilator  
  21  1:47  Probe  
  21  1:52  Pylon  
  22  1:59  Probe  
  23  2:01  Adept  
  23  2:10  Warp Gate  
  23  2:11  Probe  
  26  2:20  Twilight Council  
  25  2:23  Probe  
  26  2:30  Stalker  
  26  2:33  Probe  
  26  2:35  Probe  
  29  2:41  Probe  
  30  2:48  Probe  
  32  2:51  Probe  
  32  2:55  Blink  
  32  3:00  Probe  
  32  3:03  Probe  
  34  3:11  Probe  
  34  3:12  Probe  
  35  3:17  Pylon  
  36  3:20  Probe  
  36  3:24  Gateway, Probe  
  38  3:27  Gateway  
  38  3:32  Probe  
  39  3:34  Stalker  
  39  3:37  Probe  
  38  3:53  Shield Battery  
  33  3:57  Probe  
  33  4:07  Probe  
  33  4:09  Probe  
  35  4:14  Stalker  
  37  4:19  Probe  
  37  4:20  Stalker  
  40  4:24  Gateway  
  40  4:26  Gateway  
  40  4:30  Probe  
  42  4:31  Probe  
  42  4:35  Stalker  
  44  4:40  Stalker  
  44  4:45  Stalker  
  48  4:49  Pylon  
  48  4:58  Stalker  
  48  4:59  Probe x2  
  51  5:04  Stalker  
  53  5:07  Pylon  
  53  5:10  Pylon  
  54  5:14  Probe  
  48  5:25  Stalker x2  
  48  5:27  Pylon  
  52  5:32  Stalker  
  52  5:41  Probe  
  53  5:43  Robotics Facility  
  53  5:45  Assimilator  
  53  5:47  Stalker  
  55  5:51  Stalker  
  57  6:10  Stalker x2  
  57  6:11  Stalker x2  
  59  6:19  Probe x2  
  59  6:21  Stalker  
  59  6:25  Warp Prism  
  59  6:31  Probe  
  62  6:40  Gateway, Stalker  
  62  6:41  Gateway  
  62  6:56  Stalker x2  
  62  7:00  Zealot x2  
  70  7:04  Stalker  
  72  7:15  Robotics Bay  
  64  7:32  Stalker x3  
  64  7:33  Stalker  
  64  7:35  Probe x2  
  64  7:36  Assimilator  
  72  7:38  Stalker  
  72  7:43  Pylon  
  74  7:45  Pylon  
  74  7:52  Observer  
  74  7:56  Nexus  
  75  8:01  Disruptor  
  75  8:03  Probe x2  
  77  8:10  Pylon  
  78  8:27  Sentry x2  
  82  8:34  Disruptor  
  82  8:35  Forge  
  82  8:37  Pylon  
  82  8:45  Probe x2  
  87  8:53  Gateway, Probe x2  
  87  8:56  Gateway  
  87  9:03  Charge, Probe x2  
  87  9:04  Disruptor  
  87  9:12  Probe  
  87  9:15  Shield Battery  
  87  9:17  Pylon, Probe  
  92  9:18  Probe  
  93  9:29  Stalker x2  
  97  9:34  Warp Prism  
  95  9:40  Stalker x3  
  97  9:56  Zealot x4  
  97  9:57  Probe  
  101  10:00  Protoss Ground Weapons Level 1  
  101  10:02  Disruptor  
  101  10:05  Observer  
  101  10:07  Stalker x2  
  106  10:18  Zealot x3  
  106  10:19  Zealot  
  114  10:25  Assimilator  
  114  10:29  Assimilator  
  114  10:36  Disruptor  
  114  10:39  Stalker x3  
  123  10:45  Zealot  
  125  11:03  Pylon  
  125  11:04  Pylon  
  119  11:11  Disruptor  
  119  11:12  Zealot  
  124  11:21  Pylon  
  124  11:23  Zealot x6, Pylon  
  124  11:24  Zealot  
  138  11:27  Nexus  
  138  11:28  Stalker, Pylon  
  138  11:32  Pylon  
  134  11:44  Stalker x4  
  130  11:47  Disruptor  
  129  12:03  Stalker  
  129  12:04  Stalker  
  124  12:25  Stalker  
  123  12:31  Zealot x4  
  123  12:32  Zealot  
  123  12:35  Zealot x3  
  90  12:45  Zealot  
  81  12:55  Zealot  
  81  12:56  Zealot x2  
Tags
 
Add a new tag
Caveats
  • Supply blocks, unpowered buildings, or Contaminate may cause inaccurate times.
  • Supply counts are checked every 10 seconds.